 Dungeon Crawl Stone Soup version 0.28.0-53-g5a82cb258f (webtiles) character file.

Game seed: 6043640671487768809

131 Cheops the Slasher (level 4, -4/35 HPs)
             Began as a Demonspawn Fighter on July 22, 2022.
             Slain by a bullfrog (7 damage)
             ... in a sewer.
             The game lasted 00:02:44 (3480 turns).

Cheops the Slasher (Demonspawn Fighter)             Turns: 3480, Time: 00:02:45

Health: -4/35      AC:  8    Str: 18    XL:     4   Next: 91%
Magic:  4/4        EV:  9    Int:  9    God:
Gold:   67         SH:  4    Dex: 13    Spells: 3/3 levels left

rFire   + . .      SeeInvis .   a - +0 long sword
rCold   . . .      Faith    .   c - +0 buckler
rNeg    . . .      Spirit   .   b - +0 scale mail
rPois   +          Reflect  .   (helmet restricted)
rElec   .          Harm     .   q - +0 cloak
rCorr   .          Rampage  .   m - +0 pair of gloves
Will    .....                   (no boots)
Stlth   ..........              (no amulet)
HPRegen 0.11/turn               k - ring of protection from fire
MPRegen 0.09/turn               n - ring of poison resistance

@: mighty, very slow
A: horns 2
a: no special abilities


You were in a sewer.
You visited 1 branch of the dungeon, and saw 4 of its levels.
You also visited: Sewer.

You collected 67 gold pieces.

Inventory:

Hand Weapons
 a - a +0 long sword (weapon)
Armour
 b - a +0 scale mail (worn)
 c - a +0 buckler (worn)
 m - a +0 pair of gloves (worn)
 q - a +0 cloak (worn)
Jewellery
 k - a ring of protection from fire (left hand)
 n - a ring of poison resistance (right hand)
Wands
 g - a wand of acid (2)
Scrolls
 f - a scroll of identify
 i - a scroll of vulnerability
 j - a scroll of immolation
 o - a scroll of teleportation
Potions
 e - a potion of heal wounds
 l - a potion of lignification {unknown}
 p - a potion of mutation {unknown}


   Skills:
 - Level 3.0 Fighting
 + Level 4.7 Long Blades
 - Level 2.6 Armour
 - Level 2.6 Shields


You had 3 spell levels left.
You didn't know any spells.
Your spell library contained the following spells:

 Spells                   Type           Power      Damage    Failure   Level
 Beastly Appendage        Tmut           0%         N/A       86%         1
 Wereblood                Tmut           0%         N/A       95%         2
 Conjure Flame            Conj/Fire      0%         6-21      99%         3
 Ignite Poison            Fire/Tmut/Pois 0%         N/A       99%         3
 Spider Form              Tmut/Pois      0%         N/A       99%         3
 Sticky Flame             Conj/Fire      0%         2d3       100%        4


Dungeon Overview and Level Annotations

Branches:
Dungeon (4/15)              Sewer (1/1)
 Temple: D:4-7

Altars:
Dithmenos

Shops:
D:2 !


Innate Abilities, Weirdness & Mutations

You have a pair of horns on your head.


Message History

Your unstable footing causes you to fumble your attack.
The bullfrog barely misses you. The adder bites you but does no damage.
You block the bullfrog's attack. The bullfrog closely misses you.
The adder bites you but does no damage. The bullfrog hits you.
Your unstable footing causes you to fumble your attack.
You block the bullfrog's attack.
A frilled lizard comes into view.
The bullfrog barely misses you. The adder bites you but does no damage.
The bullfrog hits you.
You are too injured to fight recklessly!
You feel very mighty all of a sudden. The bullfrog closely misses you.
The adder bites you but does no damage. You block the bullfrog's attack.
The bullfrog hits you. The adder closely misses you.
You slash the adder!
You kill the adder!
The bullfrog hits you. The bullfrog closely misses you. x2
The bullfrog hits you.
Your unstable footing causes you to fumble your attack.
The bullfrog barely misses you.
The bullfrog hits you but does no damage.
The bullfrog closely misses you.
The bullfrog hits you but does no damage.
You slash the bullfrog!
The bullfrog is moderately wounded.
The bullfrog hits you.
* * * LOW HITPOINT WARNING * * *
The bullfrog hits you.
* * * LOW HITPOINT WARNING * * *
The bullfrog hits you.
* * * LOW HITPOINT WARNING * * *
Your unstable footing causes you to fumble your attack.
You block the bullfrog's attack. The bullfrog barely misses you.
The bullfrog hits you.
* * * LOW HITPOINT WARNING * * *
The bullfrog misses you.
You closely miss the bullfrog.
The bullfrog is moderately wounded.
The bullfrog hits you!
You die...

≈≈# #≈≈≈≈≈≈≈≈.≈≈. ≈≈≈≈≈≈≈.# ≈≈#
#≈≈≈≈≈≈≈.(?..≈≈≈≈≈≈≈≈B≈≈≈# ≈≈#
#≈≈≈≈≈≈./()≈..≈≈≈≈≈≈≈≈≈≈≈# ≈≈#
#≈≈≈≈≈≈≈≈?.≈≈.≈≈≈≈≈≈≈≈≈≈.# ≈.#
#≈≈≈≈≈≈≈≈.≈≈≈≈≈≈≈≈≈≈≈≈≈≈.# ≈.#
#≈≈≈≈≈≈≈≈≈B≈≈≈≈≈≈≈≈≈≈≈≈≈# ≈≈#
#≈≈≈≈≈≈≈≈≈≈≈≈≈≈≈≈≈≈.≈≈≈≈#
≈.#######≈≈≈≈≈≈lFF≈≈≈≈≈≈≈.≈≈≈.#
≈≈≈≈.........≈≈≈@≈≈≈≈≈≈..≈≈≈≈.#
≈≈≈≈≈≈≈≈≈≈≈≈≈≈≈≈≈≈≈≈≈≈≈≈≈≈≈≈≈.#
≈≈≈≈≈≈≈≈≈≈≈≈≈≈≈≈≈≈≈≈≈≈≈≈≈≈≈≈≈.#
≈≈≈≈≈≈≈≈≈≈≈≈≈≈≈≈≈≈≈÷≈≈≈≈≈≈≈≈..#
≈≈≈≈≈........÷.....÷.........##
≈≈############################
≈≈######## ≈≈≈≈.≈≈≈.########
≈≈≈≈≈≈†≈≈≈..∩.∩.#


You could see 2 bullfrogs, a giant cockroach and a frilled lizard.

Vanquished Creatures
  4 adders
  A river rat (D:4)
  A worm (D:2)
  4 orcs (D:3)
  6 bats
  3 endoplasms (D:1)
  8 giant cockroaches
  5 goblins
  5 hobgoblins
  10 quokkas
  9 ball pythons
  10 frilled lizards
  2 kobolds
  4 rats
  A spectral hobgoblin (D:1)
73 creatures vanquished.

Notes
Turn   | Place    | Note
-------+----------+-------------------------------------------
     0 | D:1      | Cheops the Demonspawn Fighter began the quest for the Orb.
     0 | D:1      | Reached XP level 1. HP: 18/18 MP: 1/1
     2 | D:1      | Noticed a ghoul
     2 | D:1      | Noticed a formicid
     4 | D:1      | Noticed a troll
     6 | D:1      | Noticed a minotaur
     8 | D:1      | Noticed a tengu
     8 | D:1      | Noticed a felid
    10 | D:1      | Noticed a demigod
    12 | D:1      | Noticed a gargoyle
    12 | D:1      | Noticed a spriggan
    14 | D:1      | Noticed a dwarf
    14 | D:1      | Noticed a human
    16 | D:1      | Noticed an octopode
    18 | D:1      | Noticed a demonspawn
    18 | D:1      | Noticed a vampire
    20 | D:1      | Noticed a draconian
    22 | D:1      | Noticed a merfolk
    22 | D:1      | Noticed an elf
    24 | D:1      | Noticed an ogre
    24 | D:1      | Noticed a vine stalker
    26 | D:1      | Noticed a naga
    35 | D:1      | Reached skill level 2 in Long Blades
   100 | D:1      | Gained mutation: You have a pair of small horns on your
                  | head. [demonic ancestry]
   100 | D:1      | Reached XP level 2. HP: 23/24 MP: 2/2
   593 | D:1      | Found a faded altar of an unknown god.
   839 | D:2      | Found Fisovel's Distillery.
   900 | D:2      | Reached skill level 3 in Long Blades
   974 | D:2      | Reached XP level 3. HP: 25/29 MP: 3/3
  1982 | D:3      | Found a shadowy altar of Dithmenos.
  2128 | D:3      | Gained mutation: You have a pair of horns on your head.
                  | [demonic ancestry]
  2128 | D:3      | Reached XP level 4. HP: 12/35 MP: 4/4
  2354 | D:3      | Reached skill level 4 in Long Blades
  2681 | D:3      | Found a shadowy altar of Dithmenos.
  2988 | D:4      | Found a glowing drain.
  2999 | Sewer    | Entered a sewer
  3468 | Sewer    | Noticed a bullfrog
  3468 | Sewer    | Noticed a bullfrog
  3480 | Sewer    | Slain by a bullfrog

Illustrated notes

Levels and vault maps discovered:
D:1:      kb_arrival_jail, layout_loops_cross,
          dreamdust_ecumenical_altar_drowned_temple, corner_web_ring
D:2:      layout_basic, serial_shops, nicolae_shop_advertising_works
          [nicolae_subvault_shop_adworks], minmay_tripent
D:3:      layout_basic, nicolae_dithmenos_shadow_blocks, kennysheep_flooded_box
D:4:      layout_rooms, cheibrodos_sewer_entry_sluice
Sewer:    sewer_frog_island_01

Skill      XL: |  1  2  3  4 |
---------------+-------------+-----
Long Blades    | 2 3 4 |  4.7
Fighting       | |  3.0
Armour         | |  2.6
Shields        | |  2.6

Action                   |  1- 3 |  4- 6 || total
-------------------------+-------+-------++-------
Melee: Long sword        |   118 |    81 ||   199
       Headbutt          |     9 |    10 ||    19
  Use: Potion            |     2 |     1 ||     3
       Scroll            |       |     5 ||     5
Armor: Scale mail        |    64 |    59 ||   123
Dodge: Dodged            |    78 |    73 ||   151
Block: Buckler           |    31 |    28 ||    59
